 Dungeon Crawl Stone Soup version 0.27.1-34-g3ba077fa99 (webtiles) character file.

Game seed: 7552736320445952673

6 cbfl8 the Firebug (level 1, -3/16 HPs)
             Began as a Minotaur Wanderer on Jan 14, 2022.
             Slain by a hobgoblin (5 damage)
             ... on level 1 of the Dungeon.
             The game lasted 00:00:35 (306 turns).

cbfl8 the Firebug (Minotaur Wanderer)                Turns: 306, Time: 00:00:36

Health: -3/16      AC:  2    Str: 15    XL:     1   Next: 75%
Magic:  1/1        EV: 11    Int: 12    God:
Gold:   9          SH:  0    Dex:  7    Spells: 2/2 levels left

rFire    . . .     SeeInvis .   a - +0 mace
rCold    . . .     Faith    .   (no shield)
rNeg     . . .     Spirit   .   c - +0 robe
rPois    .         Reflect  .   (helmet restricted)
rElec    .         Harm     .   (no cloak)
rCorr    .         Rampage  .   (no gloves)
Will     .....                  (no boots)
Stlth    +.........             (no amulet)
HPRegen  0.05/turn              (no ring)
MPRegen  0.07/turn              (no ring)

@: no status effects
A: horns 2, retaliatory headbutt
a: no special abilities


You were on level 1 of the Dungeon.
You visited 1 branch of the dungeon, and saw 1 of its levels.

You collected 9 gold pieces.

Inventory:

Hand Weapons
 a - a +0 mace (weapon)
Armour
 c - a +0 robe (worn)
Scrolls
 d - a scroll of immolation {unknown}
Potions
 b - a potion of lignification


   Skills:
 + Level 1.2 Fighting
 + Level 1.2 Crossbows
 + Level 1.0 Throwing
 + Level 1.2 Armour
 + Level 1.3 Spellcasting
 + Level 1.1 Necromancy
 + Level 1.7 Fire Magic
 + Level 1.0 Evocations


You had 2 spell levels left.
You didn't know any spells.
Your spell library contained the following spells:

 Spells                   Type           Power      Damage    Failure   Level
 Animate Skeleton         Necr           6%         N/A       19%         1
 Pain                     Necr           12%        1d4       19%         1
 Vampiric Draining        Necr           1%         2d6       50%         3
 Animate Dead             Necr           1%         N/A       88%         4
 Agony                    Necr           3%         N/A       99%         5


Dungeon Overview and Level Annotations

Branches:
Dungeon (1/15)

Altars:


Innate Abilities, Weirdness & Mutations

You have a pair of horns on your head.
You reflexively headbutt those who attack you in melee.


Message History

You barely miss the giant cockroach. You headbutt the giant cockroach.
You kill the giant cockroach!
You start resting.
HP restored.
You start waiting.
Done waiting.
An endoplasm comes into view.
Found a scroll labelled LOEPO MAZA.
The helpless endoplasm fails to defend itself.
You hit the endoplasm.
The endoplasm is moderately wounded.
The endoplasm closely misses you.
You hit the endoplasm.
The endoplasm is almost dead.
The endoplasm freezes you.
You are frozen.
The endoplasm freezes you.
You are frozen.
You hit the endoplasm.
You kill the endoplasm!
A bat and a hobgoblin come into view.
The bat hits you.
You see here a scroll labelled LOEPO MAZA.
Found a sedimented blue potion.
The bat closely misses you. You furiously retaliate!
You headbutt the bat, but do no damage. The bat hits you but does no damage.
You see here a scroll labelled LOEPO MAZA.
The bat hits you but does no damage. The bat closely misses you.
The bat barely misses you. The bat barely misses you.
You hit the bat but do no damage. The bat hits you.
The bat hits you but does no damage. x2
You closely miss the bat. The bat barely misses you. x2
The hobgoblin hits you.
* * * LOW HITPOINT WARNING * * *
You hit the hobgoblin.
The hobgoblin is heavily wounded.
The bat barely misses you. x2; The hobgoblin hits you.
You die...

#####.###...####.#
#.# #........#
#.###.#.######
#.....#.#
##..###.# #..# #.#
#..# #.#
..#####..###b#
........?..g@#
!.....#.######
.####.#.# # #.#
#.# #.# #.# #.#


You could see a hobgoblin and a bat.

Vanquished Creatures
  2 endoplasms (D:1)
  A giant cockroach (D:1)
  A quokka (D:1)
  A frilled lizard (D:1)
5 creatures vanquished.

Notes
Turn   | Place    | Note
-------+----------+-------------------------------------------
     0 | D:1      | cbfl8 the Minotaur Wanderer began the quest for the Orb.
     0 | D:1      | cbfl8 set off with the following items: a +0 mace, a potion
                  | of lignification, a +0 robe; and the following spells
                  | available to memorise: Animate Skeleton, Pain, Vampiric
                  | Draining, Animate Dead, Agony
     0 | D:1      | Reached XP level 1. HP: 16/16 MP: 1/1
   306 | D:1      | Slain by a hobgoblin

Illustrated notes

Levels and vault maps discovered:
D:1:      dpeg_arrival_simpleton_c, layout_loops_ring, serial_shops, shop,
          shapermc_ecumenical_altar_hornbeckon, serial_bayou_lake_a

Action                   || total
-------------------------++-------
Melee: Mace              ||    17
       Headbutt          ||     3
 Stab: Sleeping          ||     1
Armor: Robe              ||    10
Dodge: Dodged            ||    15
